 Dungeon Crawl Stone Soup version 0.30-a0-715-gdb4ae3ece1 (webtiles) character file.

Game seed: 9662828669978600987

361 OTABOTABOTAB the Conjurer (level 6, -19/32 HPs)
             Began as a Deep Elf Conjurer on Jan 23, 2023.
             Demolished by an ogre
             ... wielding a +0 giant spiked club
              (31 damage)
             ... on level 4 of the Dungeon.
             The game lasted 00:03:29 (3160 turns).

OTABOTABOTAB the Conjurer (Deep Elf Conjurer)       Turns: 3160, Time: 00:03:29

Health: -19/32     AC:  6    Str: 10    XL:     6   Next: 38%
Magic:  0/16       EV: 12    Int: 25    God:
Gold:   192        SH:  0    Dex: 13    Spells: 5/16 levels left

rFire   . . .      SeeInvis .    c - +0 club
rCold   . . .      Faith    .    (no shield)
rNeg    . . .      Spirit   .    a - +0 robe
rPois   .          Reflect  .    (no helmet)
rElec   .          Harm     .    (no cloak)
rCorr   .          Rampage  .    (no gloves)
Will    .....                    (no boots)
Stlth   ++                       (no amulet)
HPRegen 0.25/turn                A - +4 ring of protection
MPRegen 0.15/turn                g - +6 ring of strength

@: no status effects
A: no striking features
a: no special abilities


You were on level 4 of the Dungeon.
You visited 1 branch of the dungeon, and saw 4 of its levels.

You collected 192 gold pieces.

Inventory:

Hand Weapons
 c - a +0 club (weapon)
   (You took it off a goblin on level 1 of the Dungeon)
Missiles
 d - 4 javelins
 s - 18 stones
Armour
 a - a +0 robe (worn)
Jewellery
 e - a +6 ring of strength
   (You found it on level 3 of the Dungeon)
 g - a +6 ring of strength (right hand)
   (You found it on level 1 of the Dungeon)
 A - a +4 ring of protection (left hand)
   (You found it on level 1 of the Dungeon)
Scrolls
 V - 2 scrolls of vulnerability {!r!r}
 Y - a scroll of teleportation {@r3}
Potions
 b - a potion of cancellation
 f - a potion of lignification {unknown}
 h - 2 potions of degeneration {unknown}
 i - a potion of haste {unknown}
 j - a potion of attraction {unknown}
 k - a potion of heal wounds {unknown}
 B - 2 potions of brilliance
 J - a potion of curing {@q1}
 M - a potion of magic
 T - a potion of berserk rage {!q}


   Skills:
 - Level 2.4 Dodging
 - Level 2.4 Stealth
 + Level 5.7 Spellcasting
 * Level 7.4 Conjurations


You had 5 spell levels left.
You knew the following spells:

 Your Spells              Type           Power      Damage    Failure   Level
a - Magic Dart            Conj           100%       1d8       1%          1
b - Searing Ray           Conj           88%        2d7       1%          2
c - Fulminant Prism       Conj/Hex       12%        3d8       17%         4
x - Iskenderun's Mystic   Conj/Tloc      25%        2d7       17%         4

Your spell library contained the following spells:

 Spells                   Type           Power      Damage    Failure   Level
 Dazzling Flash           Conj/Hex       50%        N/A       4%          3
 Ensorcelled Hibernation  Hex/Ice        14%        N/A       12%         2
 Portal Projectile        Hex/Tloc       14%        N/A       22%         3
 Spider Form              Tmut/Pois      7%         N/A       22%         3
 Tukima's Dance           Hex            7%         N/A       22%         3
 Anguish                  Hex/Necr       3%         N/A       58%         4
 Blade Hands              Tmut           3%         N/A       91%         5


Dungeon Overview and Level Annotations

Branches:
Dungeon (4/15)
 Temple: D:4-7

Altars:
Ru

Annotations:
D:4 Sigmund


Message History

h - 2 pink potions (gained 1)
An endoplasm comes into view.
The magic dart hits the endoplasm.
The endoplasm quivers.
You now have 15/16 mp.
No target in view!
No target in view!
An endoplasm is nearby!
The magic dart hits the endoplasm.
You now have 14/16 mp.
The magic dart hits the endoplasm!
You kill the endoplasm!
You now have 13/16 mp.
No target in view!
k - an amethyst potion MP restored: 16 A dart slug comes into view.
A dart slug is nearby!
The magic dart hits the dart slug!
You now have 15/16 mp.
The magic dart hits the dart slug.
You kill the dart slug!
You now have 14/16 mp.
No target in view!
No target in view!
s - 18 stones (gained 5)
Found a stone staircase leading up.
MP restored: 16
There is a stone staircase leading up here.
There is a stone staircase leading up here.
You see here a dart slug corpse.
Done exploring.
Done exploring.
Done exploring.
Okay, then.
Done exploring.
Done exploring.
(D) Dungeon
Where to? (Enter - D:3, ? - help)
You see here a +0 war axe.
There is a stone staircase leading down here.
You climb downwards.
Found a war axe.
Found a stone staircase leading down.
There is a stone staircase leading up here.
An iguana and an endoplasm come into view.
The magic dart hits the iguana but does no damage.
The iguana hisses angrily.
The endoplasm quivers.
You now have 15/16 mp.
The magic dart hits the iguana but does no damage.
You now have 14/16 mp.
The magic dart hits the iguana but does no damage.
You now have 13/16 mp.
The magic dart hits the iguana!
You now have 12/16 mp.
The magic dart hits the iguana!
You now have 11/16 mp.
The magic dart hits the iguana but does no damage.
You now have 10/16 mp.
You don't know that spell.
Okay, then.
Unknown command.
You erupt in a blast of force!
The mystic blast hits the iguana.
You kill the iguana!
The mystic blast hits the endoplasm!
You kill the endoplasm!
You now have 7/16 mp.
An ogre comes into view. It is wielding a +0 giant spiked club.
The magic dart hits the ogre!
The ogre shouts!
You now have 7/16 mp.
You erupt in a blast of force!
The mystic blast hits the ogre!
The ogre is knocked back by the mystic blast.
The ogre slams into the crystal wall!
You now have 4/16 mp.
You erupt in a blast of force!
The mystic blast hits the ogre.
The ogre is knocked back by the mystic blast.
The ogre slams into the crystal wall!
You now have 0/16 mp.
Unknown command.
You don't have enough magic to cast this spell.
You don't have enough magic to cast this spell.
The ogre barely misses you.
Sigmund the Dreaded comes into view.
He is wielding a +3 scythe of flaming.
The ogre hits you with a +0 giant spiked club!!
Ouch! That really hurt!
You take 22 damage, and have 10/32 hp.
MASSIVE DAMAGE!!
An endoplasm comes into view.
Sigmund shouts!
Sigmund screams, "I am the angel of ZOT!!!"
You hit the endoplasm. You punch the endoplasm.
You kill the endoplasm!
The ogre attacks as you move away! The ogre barely misses you.
There is a stone staircase leading up here.
Aim: an ogre, wielding a +0 giant spiked club (almost dead, 100% to hit)
The magic dart hits the ogre.
The ogre hits you with a +0 giant spiked club!!
Ouch! That really hurt!
You die...

....... ....... ..
......) #+# ...
....... #.# ...#
.......###.###..##
....... .........#.
.......##........$.
..>....@...........
#.#....O.#..#......
##......##........
........@#.........
................###
..........#......#
.###......#........
#.............##
.............###


You could see an ogre and Sigmund.

Vanquished Creatures
  Grinder (D:3)
  Jessica (D:3)
  An iguana (D:4)
  3 adders
  A worm (D:2)
  2 dart slugs
  11 ball pythons
  8 endoplasms
  5 giant cockroaches
  12 goblins
  5 hobgoblins
  5 jackals
  2 kobolds
  2 quokkas
  5 bats
  8 frilled lizards
  2 rats
74 creatures vanquished.

Notes
Turn   | Place    | Note
-------+----------+-------------------------------------------
     0 | D:1      | OTABOTABOTAB the Deep Elf Conjurer began the quest for the
                  | Orb.
     0 | D:1      | Reached XP level 1. HP: 10/10 MP: 6/6
    67 | D:1      | Reached XP level 2. HP: 15/15 MP: 0/8
    70 | D:1      | Learned a level 2 spell: Searing Ray
   403 | D:1      | Reached skill level 5 in Conjurations
   575 | D:1      | Reached XP level 3. HP: 19/19 MP: 8/10
   748 | D:1      | Found a faded altar of an unknown god.
  1302 | D:2      | Reached skill level 4 in Spellcasting
  1633 | D:2      | Reached XP level 4. HP: 24/24 MP: 10/12
  1638 | D:2      | Learned a level 4 spell: Fulminant Prism
  1643 | D:2      | Learned a level 4 spell: Iskenderun's Mystic Blast
  2217 | D:3      | Noticed Jessica
  2220 | D:3      | Killed Jessica
  2221 | D:3      | Reached skill level 6 in Conjurations
  2403 | D:3      | Noticed Grinder
  2410 | D:3      | Paralysed by Grinder for 5 turns
  2421 | D:3      | Paralysed by Grinder for 5 turns
  2428 | D:3      | Killed Grinder
  2429 | D:3      | Reached skill level 5 in Spellcasting
  2429 | D:3      | Reached skill level 7 in Conjurations
  2429 | D:3      | Reached XP level 5. HP: 26/28 MP: 3/15
  2429 | D:3      | Reached XP level 6. HP: 30/32 MP: 3/16
  2610 | D:3      | Found a sacrificial altar of Ru.
  3151 | D:4      | Noticed Sigmund
  3160 | D:4      | Demolished by an ogre

Illustrated notes

Levels and vault maps discovered:
D:1:      minmay_arrival_stone_box, layout_loops_ring,
          ebering_ecumenical_altar_hall, minmay_tromino_v4_a
D:2:      layout_basic
D:3:      layout_loops_cross, mainiacjoe_overflow_24_doors, uniq_jessica,
          uniq_grinder
D:4:      layout_cave_pools, lemuel_doored_altar, nemelex_dance_club_becter,
          kennysheep_little_box, minivault_4, kennysheep_generic_room_13,
          uniq_sigmund, uniq_pikel, uniq_edmund

Skill      XL: |  1  2  3  4 |
---------------+-------------+-----
Conjurations   | 5 7 |  7.4
Spellcasting   | 4 5 |  5.7
Dodging        | |  2.4
Stealth        | |  2.4

Action                     |  1- 3 |  4- 6 || total
---------------------------+-------+-------++-------
  Melee: Club              |     7 |     1 ||     8
         Punch             |       |     1 ||     1
   Cast: Magic Dart        |    83 |    35 ||   118
         Searing Ray       |     1 |     5 ||     6
         Iskenderun's Myst |       |     3 ||     3
    Use: Scroll            |     5 |     4 ||     9
 Armour: Robe              |     3 |     2 ||     5
  Dodge: Dodged            |     7 |     2 ||     9

Table legend: (Time is in decaauts)
 A = Elapsed time spent in this place.
 B = Non-inter-level travel time spent in this place.
 C = Inter-level travel time spent in this place.
 D = Time resting spent in this place.
 E = Time spent auto-exploring this place.
 F = Levels seen in this place.
 G = Mean time per level.
                   A        B        C        D        E       F      G
               +--------+--------+--------+--------+--------+-----+--------+
         Total |   3160 |   3076 |     84 |    111 |   2665 |   4 |  790.0 |
       Dungeon |   3160 |   3076 |     84 |    111 |   2665 |   4 |  790.0 |
               +--------+--------+--------+--------+--------+-----+--------+

Top non-repeatable levels by time:
     D:2: 1134 daAuts
     D:1: 1034 daAuts
     D:3: 955 daAuts
     D:4: 35 daAuts

Table legend:
 A = Kills in this place as a percentage of kills in entire the game.
 B = Kills by you in this place as a percentage of kills by you in the entire game.
 C = Kills by friends in this place as a percentage of kills by friends in the entire game.
 D = Other kills in this place as a percentage of other kills in the entire game.
 E = Experience gained in this place as a percentage of experience gained in the entire game.
 F = Experience gained in this place divided by the number of levels of this place that you have seen.
                   A       B       C       D       E      F
               +-------+-------+-------+-------+-------+----------------------
         Total | 100.0 | 100.0 |   N/A |   N/A | 100.0 | 129.2
       Dungeon | 100.0 | 100.0 |   N/A |   N/A | 100.0 | 129.2
               +-------+-------+-------+-------+-------+----------------------
